 Dungeon Crawl Stone Soup version 0.29.1-2-gbd0b4ee654 (webtiles) character file.

Game seed: 6979567125613847924

62 GorkyZ the Chopper (level 3, 0/28 HPs)
             Began as a Demonspawn Gladiator on Nov 23, 2022.
             Shot with a sling bullet by a goblin (2 damage)
             ... on level 2 of the Dungeon.
             The game lasted 00:02:25 (911 turns).

GorkyZ the Chopper (Demonspawn Gladiator)            Turns: 911, Time: 00:02:25

Health: 0/28       AC:  6    Str: 16    XL:     3   Next: 85%
Magic:  3/3        EV: 11    Int:  9    God:
Gold:   63         SH:  0    Dex: 14    Spells: 2/2 levels left

rFire   . . .      SeeInvis .   k - +0 hand axe
rCold   . . .      Faith    .   (no shield)
rNeg    . . .      Spirit   .   f - +0 ring mail
rPois   .          Reflect  .   c - +0 helmet
rElec   .          Harm     .   (no cloak)
rCorr   .          Rampage  .   (no gloves)
Will    .....                   (no boots)
Stlth   +.........              (no amulet)
HPRegen 1.09/turn               (no ring)
MPRegen 0.08/turn               (no ring)

@: lethally poisoned (0 -> 0)
A: powered by death 1, weakness stinger 1
a: no special abilities


You were on level 2 of the Dungeon.
You visited 1 branch of the dungeon, and saw 2 of its levels.

You collected 63 gold pieces.

Inventory:

Hand Weapons
 a - a +0 war axe
 k - a +0 hand axe (weapon)
Missiles
 d - 3 throwing nets (quivered)
 e - a javelin
Armour
 b - a +0 leather armour
 c - a +0 helmet (worn)
 f - a +0 ring mail (worn)
 l - a +0 plate armour
 m - a +0 helmet
Scrolls
 g - a scroll of butterflies {unknown}
 i - a scroll of summoning {unknown}
 j - a scroll of blinking {unknown}
 n - a scroll of identify {unknown}
Potions
 h - a potion of resistance {unknown}


   Skills:
 + Level 2.4 Fighting
 + Level 3.0 Axes
 + Level 2.1 Throwing
 + Level 1.0 Armour
 + Level 3.0 Dodging
 + Level 0.9 Shields
 + Level 1.1 Evocations


You had 2 spell levels left.
You didn't know any spells.
Your spell library contained the following spells:

 Spells                   Type           Power      Damage    Failure   Level
 Ensorcelled Hibernation  Hex/Ice        0%         N/A       75%         2
 Passwall                 Tmut/Erth      0%         N/A       75%         2
 Swiftness                Air            0%         N/A       93%         3


Dungeon Overview and Level Annotations

Branches:
Dungeon (2/15)

Altars:


Innate Abilities, Weirdness & Mutations

You regenerate a little health from kills.
You have a small tail.


Message History

The adder bites you but does no damage.
A goblin comes into view. It is wielding a +0 club.
You closely miss the adder.
The adder is moderately wounded.
The goblin shouts!
The adder bites you but does no damage. x2
You miss the adder.
The adder is moderately wounded.
The adder bites you but does no damage.
You hit the adder.
The adder is heavily wounded.
The adder bites you but does no damage. x2
You barely miss the adder. You tail-slap the adder.
The adder is almost dead.
The adder bites you but does no damage.
You hit the adder but do no damage.
The adder is almost dead.
The adder bites you.
* * * LOW HITPOINT WARNING * * *
You are lethally poisoned!
The adder poisons you! The adder barely misses you.
The goblin hits you with a +0 club.
* * * LOW HITPOINT WARNING * * *
You closely miss the adder. You tail-slap the adder.
You kill the adder!
You hit the goblin.
You feel sick. The goblin hits you but does no damage.
Your Axes skill increases to level 3!
Your Armour skill increases to level 1!
Your Dodging skill increases to level 3!
Your Evocations skill increases to level 1!
You hit the hobgoblin.
The hobgoblin is lightly wounded.
You hit the goblin.
You kill the goblin!
You feel sick.
The hobgoblin hits you but does no damage.
You slash the hobgoblin!
You kill the hobgoblin!
You feel sick.
The goblin unwields a +0 dagger.
The goblin wields a +0 sling.
The goblin shoots a sling bullet.
The sling bullet hits you.
You die...

.# ..# ###. ..#
. ... ..# ..
... ..# ...
#.###..#####
....
#.#.<.......
.....
#.#....#####
.....l##...##.#
$....g)@)###
..# ......##.#
.# ..... ..# .#
.... #.## # ...
!. .. ... . #..


You could see a goblin and a frilled lizard.

Vanquished Creatures
  Jessica (D:2)
  An adder (D:2)
  4 ball pythons (D:1)
  3 endoplasms (D:1)
  2 giant cockroaches (D:1)
  2 goblins
  5 hobgoblins
  2 quokkas
  5 bats (D:1)
  A frilled lizard (D:1)
26 creatures vanquished.

Notes
Turn   | Place    | Note
-------+----------+-------------------------------------------
     0 | D:1      | GorkyZ the Demonspawn Gladiator began the quest for the
                  | Orb.
     0 | D:1      | Reached XP level 1. HP: 16/16 MP: 1/1
   290 | D:1      | Gained mutation: You have a small tail. [demonic ancestry]
   290 | D:1      | Reached XP level 2. HP: 22/22 MP: 2/2
   585 | D:1      | Found a faded altar of an unknown god.
   893 | D:2      | Noticed Jessica
   902 | D:2      | Killed Jessica
   903 | D:2      | Gained mutation: You regenerate a little health from kills.
                  | [demonic ancestry]
   903 | D:2      | Reached XP level 3. HP: 9/28 MP: 3/3
   910 | D:2      | Reached skill level 1 in Armour
   910 | D:2      | Reached skill level 1 in Evocations
   911 | D:2      | Shot with a sling bullet by a goblin

Illustrated notes

Levels and vault maps discovered:
D:1:      scummos_arrival_hexagon, layout_basic, basic_ecumenical_altar
D:2:      layout_rooms, serial_shops, shop, uniq_jessica

Skill      XL: |  1  2  3 |
---------------+----------+-----
Throwing       | 2 |  2.1
Axes           | 3 |  3.0
Armour         | 1 |  1.0
Dodging        | 3 |  3.0
Evocations     | 1 |  1.1
Fighting       | |  2.4
Shields        | |  0.9

Action                   || total
-------------------------++-------
Melee: War axe           ||    32
       Hand axe          ||    39
       Tailslap          ||     6
Armor: Ring mail         ||    40
Dodge: Dodged            ||    50
